 Dungeon Crawl Stone Soup version 0.27.1-3-gb3d3a73c9e (webtiles) character file.

Game seed: 290940990816735246

104 AZSletch the Poker (level 4, -4/34 HPs)
             Began as a Demonspawn Gladiator on Oct 6, 2021.
             Slain by a gnoll (14 damage)
             ... on level 2 of the Dungeon.
             The game lasted 00:10:43 (2172 turns).

AZSletch the Poker (Demonspawn Gladiator)           Turns: 2172, Time: 00:10:43

Health: -4/34      AC:  4    Str: 15    XL:     4   Next: 52%
Magic:  4/4        EV: 12    Int: 10    God:
Gold:   74         SH:  0    Dex: 14    Spells: 3/3 levels left

rFire    . . .     SeeInvis .   g - +0 spear
rCold    . . .     Faith    .   (no shield)
rNeg     . . .     Spirit   .   i - +0 leather armour {rPois}
rPois    +         Reflect  .   (helmet restricted)
rElec    .         Harm     .   (no cloak)
rCorr    .         Rampage  .   n - +0 pair of gloves
Will     .....                  (no boots)
Stlth    +.........             (no amulet)
HPRegen  0.11/turn              (no ring)
MPRegen  0.09/turn              (no ring)

@: no status effects
A: antennae 1, spiny 1
a: no special abilities


You were on level 2 of the Dungeon.
You visited 1 branch of the dungeon, and saw 2 of its levels.

You collected 74 gold pieces.

Inventory:

Hand Weapons
 a - a +0 trident
 g - a +0 spear (weapon)
Missiles
 d - 3 throwing nets
 l - 57 stones
 m - 2 poisoned darts (quivered)
Armour
 i - a +0 leather armour of poison resistance (worn)
 n - a +0 pair of gloves (worn)
Wands
 k - a wand of polymorph (8)
Scrolls
 b - a scroll of summoning {unknown}
 c - a scroll of vulnerability {unknown}
 e - a scroll of amnesia {unknown}
 f - 3 scrolls of blinking {unknown}
 h - 4 scrolls of identify {unknown}
Potions
 j - a potion of lignification {unknown}


   Skills:
 + Level 2.7 Fighting
 + Level 3.3 Polearms
 - Level 1.7 Throwing
 + Level 1.4 Armour
 + Level 3.2 Dodging
 + Level 1.4 Hexes


You had 3 spell levels left.
You didn't know any spells.
Your spell library contained the following spells:

 Spells                   Type           Power      Damage    Failure   Level
 Corona                   Hex            2%         N/A       26%         1
 Animate Skeleton         Necr           0%         N/A       43%         1
 Pain                     Necr           0%         1d4       43%         1
 Ensorcelled Hibernation  Hex/Ice        2%         N/A       47%         2
 Tukima's Dance           Hex            2%         N/A       61%         3
 Vampiric Draining        Necr           0%         2d6       80%         3


Dungeon Overview and Level Annotations

Branches:
Dungeon (2/15)

Altars:
Zin

Shops:
D:2 *


Innate Abilities, Weirdness & Mutations

You have a pair of small antennae on your head.
You are partially covered in sharp spines.


Message History

Press: ? - help, Q - select action, (/) - cycle Shift-Dir - straight line, f/p - gnoll
Aim: a gnoll, wielding a +0 club (lightly wounded, poisoned, 63% to hit)
You throw a poisoned dart.
The poisoned dart barely misses the gnoll.
The poisoned dart hits the gnoll.
The gnoll is poisoned.
Throw: 4 darts (poison)
Press: ? - help, Q - select action, (/) - cycle Shift-Dir - straight line, f/p - gnoll
Aim: a gnoll, wielding a +0 club (lightly wounded, poisoned, 63% to hit)
You throw a poisoned dart.
The poisoned dart barely misses the gnoll.
The poisoned dart barely misses the gnoll.
Throw: 3 darts (poison)
Press: ? - help, Q - select action, (/) - cycle Shift-Dir - straight line, f/p - gnoll
Aim: a gnoll, wielding a +0 club (moderately wounded, poisoned, 63% to hit)
You throw a poisoned dart. The poisoned dart hits the gnoll.
The gnoll looks even sicker.
The gnoll is moderately wounded.
An endoplasm comes into view.
The gnoll barely misses you.
The endoplasm quivers.
You hit the gnoll.
The gnoll is severely wounded.
The gnoll hits you with a +0 club.
You kill the gnoll!
The gnoll looks more healthy.
Things that are here:
a +0 spear; a gnoll skeleton The gnoll hits you from afar with a +0 halberd!
The gnoll hits you with a +0 halberd!
* * * LOW HITPOINT WARNING * * *
You hit the gnoll.
The gnoll is heavily wounded.
The gnoll is struck by your spines. The gnoll closely misses you.
You hit the gnoll but do no damage.
The gnoll is severely wounded.
The gnoll barely misses you.
You barely miss the gnoll.
The gnoll is severely wounded.
The gnoll hits you with a +0 halberd!
You die...

#....# #....# .# #....#
.# #....# .# #....# .#
#...## .# #...# .#
#..#############(###.#.
#..#.....).@gJ.()..(.((
#.##.###############.##
#.#..# #.#.## #...#
#####


You could see a gnoll and an endoplasm.

Vanquished Creatures
  Natasha (D:2)
  3 gnolls
  An adder (D:2)
  An adder skeleton (D:2)
  A dart slug (D:2)
  4 ball pythons
  4 bats
  4 endoplasms
  3 giant cockroaches
  4 goblins (D:1)
  2 hobgoblins (D:1)
  3 kobolds (D:1)
  A quokka (D:2)
  A frilled lizard (D:2)
  4 rats
37 creatures vanquished.

Vanquished Creatures (others)
  6 plants (D:2)
6 creatures vanquished.

Grand Total: 43 creatures vanquished

Notes
Turn   | Place    | Note
-------+----------+-------------------------------------------
     0 | D:1      | AZSletch the Demonspawn Gladiator began the quest for the
                  | Orb.
     0 | D:1      | Reached XP level 1. HP: 16/16 MP: 1/1
   265 | D:1      | Gained mutation: You have a pair of small antennae on your
                  | head. [demonic ancestry]
   265 | D:1      | Reached XP level 2. HP: 15/22 MP: 2/2
   848 | D:1      | You fall into a shaft and drop 1 floor!
  1231 | D:1      | Gained mutation: You are partially covered in sharp spines.
                  | [demonic ancestry]
  1231 | D:1      | Reached XP level 3. HP: 28/28 MP: 3/3
  1513 | D:2      | Reached skill level 1 in Armour
  1543 | D:2      | Found Idiarosu's Assorted Antiques.
  1572 | D:2      | Reached skill level 1 in Hexes
  1870 | D:2      | Noticed Natasha
  1884 | D:2      | Killed Natasha
  1885 | D:2      | Reached XP level 4. HP: 32/34 MP: 4/4
  1887 | D:2      | Found a faded altar of an unknown god.
  2172 | D:2      | Slain by a gnoll

Illustrated notes

Levels and vault maps discovered:
D:1:      scummos_arrival_gate, layout_loops_cross, minmay_misc_feat_tiny
D:2:      layout_loops_ring, serial_shops, shop, shop, nicolae_shop_stone,
          hellmonk_ecumenical_altar_zigzags, basic_altar, serial_bayou_crossing,
          uniq_natasha

Skill      XL: |  1  2  3 |
---------------+----------+-----
Polearms       | 3 |  3.3
Dodging        | 3 |  3.2
Armour         | 1 |  1.4
Hexes          | 1 |  1.4
Fighting       | |  2.7
Throwing       | |  1.7

Action                   |  1- 3 |  4- 6 || total
-------------------------+-------+-------++-------
Melee: Spear             |   109 |    12 ||   121
       Trident           |     7 |       ||     7
Throw: Dart              |    11 |     8 ||    19
 Stab: Sleeping          |     3 |       ||     3
       Distracted        |     1 |       ||     1
Armor: Leather armour    |    15 |       ||    15
Dodge: Dodged            |    61 |     5 ||    66
